 Dungeon Crawl Stone Soup version 0.30-a0-170-g85af917532 (webtiles) character file.

Game seed: 85421447888731578

956 RepoMan the Skirmisher (level 7, -1/50 HPs)
             Began as a Mummy Hunter on Oct 1, 2022.
             Slain by a centaur
             ... wielding the +7 falchion of Decaying Valiance {vamp, *Slow Fragile rN+++ rCorr}
              (3 damage)
             ... on level 4 of the Dungeon.
             The game lasted 00:13:01 (5507 turns).

RepoMan the Skirmisher (Mummy Hunter)               Turns: 5507, Time: 00:13:01

Health: -1/50      AC:  4    Str: 14    XL:     7   Next: 91%
Magic:  7/7        EV: 11    Int:  9    God:
Gold:   138        SH:  0    Dex: 17    Spells: 6/6 levels left

rFire   x . .      SeeInvis .    a - +0 shortbow
rCold   + . .      Faith    +    (shield currently unavailable)
rNeg    + + +      Spirit   .    c - +0 leather armour
rPois   ∞          Reflect  .    g - +0 helmet
rElec   .          Harm     .    (no cloak)
rCorr   .          Rampage  .    (no gloves)
Will    +....                    (no boots)
Stlth   ++........               (no amulet)
HPRegen 0.16/turn                n - ring of willpower
MPRegen 0.10/turn                (no ring)

@: no status effects
A: cold resistance 1, negative energy resistance 3, torment resistance 2, heat
vulnerability 1, in touch with death 1, no potions, faith
a: no special abilities


You were on level 4 of the Dungeon.
You visited 1 branch of the dungeon, and saw 4 of its levels.

You collected 138 gold pieces.

Inventory:

Hand Weapons
 a - a +0 shortbow (weapon)
Missiles
 j - 9 poisoned darts
 p - 6 atropa-tipped darts
Armour
 c - a +0 leather armour (worn)
 g - a +0 helmet (worn)
Jewellery
 i - a ring of ice
 n - a ring of willpower (left hand)
Wands
 l - a wand of light (10)
 o - a wand of flame (20)
Scrolls
 b - a scroll of immolation
 d - a scroll of teleportation
 f - a scroll of identify
 h - a scroll of poison
 k - 2 scrolls of enchant weapon
 m - a scroll of silence


   Skills:
 - Level 2.0 Fighting
 + Level 8.4 Ranged Weapons
 - Level 1.5 Dodging
 - Level 0.7 Stealth


You had 6 spell levels left.
You didn't know any spells.
Your spell library contained the following spells:

 Spells                   Type           Power      Damage    Failure   Level
 Foxfire                  Conj/Fire      0%         2x1d4     45%         1
 Blink                    Tloc           0%         N/A       61%         2
 Momentum Strike          Conj/Tloc      0%         3d8       61%         2
 Lesser Beckoning         Tloc           0%         N/A       83%         3
 Fireball                 Conj/Fire      0%         3d3       100%        5
 Starburst                Conj/Fire      0%         6d3       100%        6


Dungeon Overview and Level Annotations

Branches:
Dungeon (4/15)
 Temple: D:4-7

Altars:


Innate Abilities, Weirdness & Mutations

You are immune to poison.
Your flesh is cold resistant. (rC+)
You are immune to negative energy. (rN+++)
You are immune to unholy pain and torment.
You are vulnerable to heat. (rF-)
You are in touch with the powers of death.
You do not drink.
You have a special connection with the divine. (Faith)


Message History

The centaur barely misses you.
Press: ? - help, v - describe, . - travel
Here: a goblin, wielding a +2 dagger of protection The floor, spattered with blood.
Unknown command.
As you read the scroll of summoning, it crumbles to dust.
Wisps of shadow whirl around you... The hound barely misses you.
The centaur hits you with the +7 falchion of Decaying Valiance {vamp, *Slow Fragile rN+++ rCorr}!
* * * LOW HITPOINT WARNING * * *
The centaur barely misses you. The hound bites you.
* * * LOW HITPOINT WARNING * * *
Unknown command.
You swap places.
The centaur unwields the +7 falchion of Decaying Valiance {vamp, *Slow Fragile rN+++ rCorr}.
The centaur wields a +0 shortbow.
The centaur shoots an arrow.
The arrow hits your kobold!
Your kobold dies!
Your kobold's corpse dissolves into shadows!
Your phantom hits the centaur.
Unknown command.
Unknown command.
Fire: a) +0 shortbow
Press: ? - help, Q - select action, (/) - cycle Shift-Dir - straight line, f - centaur, p - hound
Aim: a centaur, wielding a +0 shortbow (severely wounded, ally target, 75% to hit)
You shoot an arrow. The arrow hits the hound.
You kill the hound!
The centaur unwields a +0 shortbow.
The centaur wields the +7 falchion of Decaying Valiance {vamp, *Slow Fragile rN+++ rCorr}.
The centaur hits you with the +7 falchion of Decaying Valiance {vamp, *Slow Fragile rN+++ rCorr}!
* * * LOW HITPOINT WARNING * * *
The centaur kicks you but does no damage.
The goblin completely misses your phantom.
Your phantom hits the centaur but does no damage.
Fire: a) +0 shortbow
Press: ? - help, Q - select action, (/) - cycle Shift-Dir - straight line, f/p - centaur
Aim: a centaur, wielding the +7 falchion of Decaying Valiance {vamp, *Slow Fragile rN+++ rCorr} (severely wounded, not watching you, ally target, 75% to hit)
You shoot an arrow. The arrow hits the centaur.
The centaur is almost dead.
The centaur hits you with the +7 falchion of Decaying Valiance {vamp, *Slow Fragile rN+++ rCorr}.
You die...

[## ##..### #.#
##!.#####..#
.#####....####.####...##
##.##
>#...............##<...##
##.###
.#.####.....####.##.###.##
##..> .#.# ##...##.$#.##.#
##.## #### .#.#
##.##...#.##.# ##.#######
...## #.#s..##.##.#
#.......# ....##
'#.#SK##..##.# ##...#...
.....###.).###.c@#..#
#######.
#........8))..gW...## ##.
#....###...###.K.### ##..
#...## +#.#+ ##..# ##..#
#..## #.# ##.# ##..## #..#
##.## #.# #..### ...#
##...## #.# ##..###
...####.....####.# ###
##...#..
.#...............##
#.###.......


You could see a centaur (ally target), a goblin (ally target), a friendly
phantom (summoned) and a friendly kobold (summoned).

Vanquished Creatures
  Menkaure (D:4)
  2 ice beasts (D:4)
  An ogre (D:4)
  2 phantoms (D:4)
  A scorpion (D:4)
  5 hounds (D:4)
  Terence (D:2)
  2 gnolls
  6 adders
  4 worms
  3 dart slugs
  2 orcs (D:4)
  7 endoplasms
  7 giant cockroaches
  2 goblins
  10 hobgoblins
  A jackal (D:1)
  6 quokkas
  7 ball pythons
  9 bats
  5 frilled lizards
  12 kobolds
  10 rats
106 creatures vanquished.

Notes
Turn   | Place    | Note
-------+----------+-------------------------------------------
     0 | D:1      | RepoMan the Mummy Hunter began the quest for the Orb.
     0 | D:1      | Reached XP level 1. HP: 16/16 MP: 1/1
   163 | D:1      | Found a faded altar of an unknown god.
   540 | D:1      | Reached XP level 2. HP: 22/22 MP: 2/2
   869 | D:1      | Reached skill level 4 in Ranged Weapons
  1090 | D:1      | Gained mutation: You are in touch with the powers of death.
                  | [Mummy growth]
  1090 | D:1      | Reached XP level 3. HP: 27/27 MP: 3/3
  1354 | D:2      | Noticed Terence
  1362 | D:2      | Killed Terence
  1454 | D:2      | Reached XP level 4. HP: 33/33 MP: 4/4
  2230 | D:2      | Reached skill level 5 in Ranged Weapons
  2780 | D:3      | Reached XP level 5. HP: 30/38 MP: 5/5
  3415 | D:4      | Noticed a phantom
  3758 | D:4      | Noticed an ogre
  3854 | D:4      | Noticed an ice beast
  3866 | D:4      | Killed an ice beast
  3867 | D:4      | Reached skill level 6 in Ranged Weapons
  3867 | D:4      | Reached XP level 6. HP: 12/44 MP: 6/6
  4580 | D:4      | Reached skill level 7 in Ranged Weapons
  4580 | D:4      | Reached XP level 7. HP: 50/50 MP: 7/7
  5062 | D:4      | Noticed Menkaure
  5066 | D:4      | Killed Menkaure
  5489 | D:4      | Reached skill level 8 in Ranged Weapons
  5498 | D:4      | Identified the +7 falchion of Decaying Valiance {vamp,
                  | *Slow Fragile rN+++ rCorr} (You took it off a kobold on
                  | level 4 of the Dungeon)
  5506 | D:4      | HP: 2/50 [centaur/the +7 falchion of Decaying Valiance
                  | {vamp, *Slow Fragile rN+++ rCorr} (7)]
  5507 | D:4      | Slain by a centaur

Illustrated notes

Levels and vault maps discovered:
D:1:      dpeg_arrival_renting, layout_basic, chequers_ecumenical_altar_grove,
          grunt_decor_cap, minmay_split_cup_small
D:2:      minmay_razor_zed, layout_loops_corners, minmay_misc_feat_enclosed,
          st_stairs_13, grunt_ministairs_3, uniq_terence
D:3:      cheibrodos_helix_gallery, layout_loops_ring
D:4:      cheibrodos_barr_body, layout_layer_cave, uniq_menkaure

Skill      XL: |  1  2  3  4  5  6  7 |
---------------+----------------------+-----
Ranged Weapons | 4 5 6 7 8 |  8.4
Fighting       | |  2.0
Dodging        | |  1.5
Stealth        | |  0.7

Action                   |  1- 3 |  4- 6 |  7- 9 || total
-------------------------+-------+-------+-------++-------
 Fire: Shortbow          |    93 |   222 |    72 ||   387
Throw: Dart              |       |     2 |       ||     2
  Use: Scroll            |     1 |     8 |     3 ||    12
Armor: Leather armour    |    19 |    35 |    10 ||    64
Dodge: Dodged            |    20 |    71 |    28 ||   119

Table legend: (Time is in decaauts)
 A = Elapsed time spent in this place.
 B = Non-inter-level travel time spent in this place.
 C = Inter-level travel time spent in this place.
 D = Time resting spent in this place.
 E = Time spent auto-exploring this place.
 F = Levels seen in this place.
 G = Mean time per level.
                   A        B        C        D        E       F      G
               +--------+--------+--------+--------+--------+-----+--------+
         Total |   5608 |   5434 |    174 |   1358 |   3100 |   4 | 1402.0 |
       Dungeon |   5608 |   5434 |    174 |   1358 |   3100 |   4 | 1402.0 |
               +--------+--------+--------+--------+--------+-----+--------+

Top non-repeatable levels by time:
     D:4: 2182 daAuts
     D:2: 1535 daAuts
     D:1: 1256 daAuts
     D:3: 633 daAuts
